 Dungeon Crawl Stone Soup version 0.17.0-26-gececa24 (webtiles) character file.

4779 kosy22 the Nimble (level 10, -8/96 HPs)
             Began as a Troll Fighter on Nov 20, 2015.
             Was a Priest of Nemelex Xobeh.
             Mangled by a guardian serpent (20 damage)
             ... on level 10 of the Dungeon.
             The game lasted 00:34:13 (9480 turns).

kosy22 the Nimble (Troll Fighter)                   Turns: 9480, Time: 00:34:13

Health: -8/96      AC: 10    Str: 29    XL:     10   Next: 23%
Magic:  10/10      EV: 13    Int:  4    God:    Nemelex Xobeh [***...]
Gold:   163        SH: 10    Dex:  9    Spells: 0 memorised, 9 levels left

rFire  . . .     SeeInvis +       - Unarmed
rCold  . . .     Clarity  .     K - +2 robe
rNeg   . . .     SustAt   .     b - +0 shield
rPois  .         Gourm    +     (helmet restricted)
rElec  .         Spirit   .     p - +2 cloak
rCorr  .         Warding  .     (gloves unavailable)
rMut   .         Stasis   .     (boots unavailable)
MR     .....                    (no amulet)
Stlth  +.........               r - +2 ring of evasion
                                e - ring of see invisible

@: aura of abjuration, slowed, very slow, not resistant to hostile enchantments,
very unstealthy
A: unfitting armour, claws 3, fast metabolism 3, gourmand, regeneration 2,
shaggy fur 1, tough skin 2
a: Triple Draw, Renounce Religion


You were on level 10 of the Dungeon.
You worshipped Nemelex Xobeh.
Nemelex Xobeh was most pleased with you.
You were not hungry.

You visited 1 branch of the dungeon, and saw 10 of its levels.

You collected 583 gold pieces.
You spent 420 gold pieces at shops.

Inventory:

Missiles
 n - 33 poisoned needles
Armour
 a - a +0 robe
 b - a +0 shield (worn)
 p - a +2 cloak (worn)
 K - a +2 robe (worn)
Jewellery
 e - a ring of see invisible (left claw)
 r - a +2 ring of evasion (right claw)
 D - an uncursed amulet of regeneration {unknown}
 T - an uncursed ring of stealth
Wands
 N - a wand of paralysis (7)
 O - a wand of disintegration (4)
 Q - a wand of slowing (26)
 V - a wand of polymorph (11)
 Z - a wand of polymorph (8)
Scrolls
 g - a scroll of holy word {unknown}
 j - 2 scrolls of remove curse
 m - a scroll of identify
 q - a scroll of recharging
 t - a scroll of fear
 v - a scroll of magic mapping
 y - 2 scrolls of enchant weapon
 z - 4 scrolls of teleportation
 I - a scroll of enchant armour
 S - a scroll of noise {unknown}
 U - a scroll of immolation {unknown}
Potions
 c - a potion of might
 h - a potion of cure mutation {unknown}
 o - 3 potions of haste {unknown}
 s - a potion of flight
 x - a potion of beneficial mutation {unknown}
 A - a potion of curing
 E - a potion of brilliance {unknown}
 F - a potion of degeneration {unknown}
 G - a potion of cancellation
 L - a potion of agility
Miscellaneous
 w - a plain deck of war {drawn: 5}
 J - an ornate deck of destruction {drawn: 1}
 P - a plain deck of escape {drawn: 1}
 R - a plain deck of destruction {drawn: 1}
 W - a plain deck of summoning {drawn: 2}
 X - a plain deck of defence
 Y - a plain deck of escape {drawn: 1}
Comestibles
 d - 3 bread rations
 f - a beef jerky
 k - a meat ration
 u - a royal jelly
 B - a fruit
 C - a slice of pizza


   Skills:
 + Level 5.3 Fighting
 + Level 2.6 Throwing
 + Level 8.4 Dodging
 + Level 1.3 Stealth
 + Level 5.8 Shields
 + Level 6.9 Unarmed Combat
 + Level 1.4 Evocations


You had 9 spell levels left.
You didn't know any spells.

Dungeon Overview and Level Annotations

Branches:
Dungeon (10/15)            Temple (0/1) D:7            Lair (0/8) D:10
    Orc: D:9-12

Altars:
Gozag
Kikubaaqudgha
Makhleb
Nemelex Xobeh
Trog
Xom
The Shining One

Shops:
D:8 [   D:9 }:}


Innate Abilities, Weirdness & Mutations

You are too large for most types of armour.
You have claws for hands.
Your metabolism is lightning-fast.
You like to eat raw meat.
You heal very quickly.
You are covered in fur (AC +1).
You have very tough skin (AC +2).


Message History

You begin to abjure the creatures around you!
You feel sick.
The guardian serpent hits you but does no damage.
The guardian serpent casts a spell at you.
You resist with significant effort.
You feel sick.
You block the guardian serpent's attack.
Evoke which item? (* to show all) (? for menu, Esc to quit)
You draw a card...
It is the Illusion.
Suddenly you stand beside yourself.
You feel sick.
You block the guardian serpent's attack.
The guardian serpent hits you!
* * * LOW HITPOINT WARNING * * *
You feel sick.
The guardian serpent casts a spell at you.
You resist with significant effort.
Drink which item? (? for menu, Esc to quit)
You feel better. The guardian serpent hits you!!
You die...
Your body glows slightly and disappears.

####.## .. ......# .#
###...### #### .#
#.......##### #.... .#
#............ .....###.#
#.......##### .........
###...### ......[.# #...#
#@# ##.## #### #S# ##'##
#... #.# ##...## #.##
###@# ##.....###.# ##.#.#
##.......##.##
#####....###.........#.#.
...........'.........'...
#####...†###.........#.#.
##...# ##.......##...


You could see a guardian serpent and the friendly kosy22's illusion.

Vanquished Creatures
  Pikel (D:7)
  Sigmund (D:2)
  A wyvern (D:9)
  A hippogriff (D:9)
  2 hungry ghosts (D:9)
  2 sky beasts
  A necrophage (D:9)
  A black bear (D:8)
  An ice beast (D:9)
  3 slaves (D:7)
  A water moccasin (D:9)
  5 ogres
  3 phantoms
  3 centaurs
  A crocodile (D:9)
  2 giant frogs
  A big kobold (D:8)
  4 scorpions
  7 killer bees
  An electric eel (D:9)
  6 crimson imps
  A centaur zombie (D:5)
  Crazy Yiuf (D:2)
  2 giant frog zombies
  4 hounds
  An iguana (D:8)
  A jelly (D:10)
  3 orc wizards
  An orc priest (D:3)
  2 giant frog skeletons (D:9)
  2 worker ants
  2 worker ant zombies
  13 adders
  2 shadow imps
  An ooze (D:4)
  2 adder skeletons (D:4)
  2 worms
  3 giant geckos
  17 orcs
  7 bats
  4 bat zombies (D:2)
  5 giant cockroaches
  3 goblins
  5 hobgoblins
  16 jackals
  5 kobolds
  A ball python (D:4)
  4 giant newts
  8 quokkas
  A quokka skeleton (D:4)
  A quokka zombie (D:7)
  4 rats
  2 bushes (D:1)
174 creatures vanquished.

Vanquished Creatures (collateral kills)
  A deep elf mage (D:9)
  An orc warrior (D:6)
  2 phantoms (D:8)
  4 killer bees
  An iguana (D:6)
  An orc (D:6)
10 creatures vanquished.

Vanquished Creatures (others)
  A scorpion (D:7)
1 creature vanquished.

Grand Total: 185 creatures vanquished

Notes
Turn   | Place    | Note
--------------------------------------------------------------
     0 | D:1      | kosy22 the Troll Fighter began the quest for the Orb.
     0 | D:1      | Reached XP level 1. HP: 22/22 MP: 0/0
   148 | D:1      | Reached XP level 2. HP: 23/29 MP: 1/1
  1263 | D:2      | Reached skill level 3 in Dodging
  1263 | D:2      | Reached XP level 3. HP: 29/36 MP: 2/2
  1780 | D:2      | Found an ancient bone altar of Kikubaaqudgha.
  1865 | D:2      | Noticed Crazy Yiuf
  1880 | D:2      | Paralysed by Crazy Yiuf for 3 turns
  1916 | D:2      | Killed Crazy Yiuf
  1916 | D:2      | Reached XP level 4. HP: 34/44 MP: 3/3
  1931 | D:2      | Noticed Sigmund
  1940 | D:2      | Killed Sigmund
  1940 | D:2      | Reached skill level 4 in Dodging
  1940 | D:2      | Reached XP level 5. HP: 42/52 MP: 4/4
  2059 | D:2      | Found a burning altar of Makhleb.
  2252 | D:3      | Reached XP level 6. HP: 43/59 MP: 5/5
  2474 | D:3      | Found a bloodstained altar of Trog.
  2508 | D:3      | Found an opulent altar of Gozag.
  3160 | D:4      | Found a sparkling altar of Nemelex Xobeh.
  3167 | D:4      | Became a worshipper of Nemelex Xobeh the Trickster
  3442 | D:5      | Entered Level 5 of the Dungeon
  3540 | D:5      | Reached skill level 5 in Dodging
  3540 | D:5      | Reached XP level 7. HP: 67/67 MP: 6/6
  3664 | D:5      | Received a gift from Nemelex Xobeh
  4524 | D:5      | Reached * piety under Nemelex Xobeh
  4661 | D:6      | HP: 3/67 [orc warrior/dire flail (19)]
  4661 | D:6      | Reached skill level 1 in Throwing
  4796 | D:6      | Found a glowing golden altar of the Shining One.
  4904 | D:6      | Received a gift from Nemelex Xobeh
  4960 | D:6      | Reached XP level 8. HP: 46/76 MP: 7/7
  5086 | D:6      | Found a shimmering altar of Xom.
  5212 | D:6      | Reached skill level 6 in Dodging
  5245 | D:6      | Received a gift from Nemelex Xobeh
  5495 | D:6      | Reached ** piety under Nemelex Xobeh
  5978 | D:7      | Reached skill level 5 in Unarmed Combat
  6008 | D:7      | Noticed Pikel
  6051 | D:7      | Killed Pikel
  6095 | D:7      | Received a gift from Nemelex Xobeh
  6380 | D:7      | Reached XP level 9. HP: 84/84 MP: 8/8
  6547 | D:7      | Found a staircase to the Ecumenical Temple.
  6552 | D:7      | Received a gift from Nemelex Xobeh
  6560 | D:7      | Reached skill level 7 in Dodging
  6764 | D:8      | Found Jugiegou's Antique Armour Shop.
  6779 | D:8      | Reached *** piety under Nemelex Xobeh
  6819 | D:8      | Received a gift from Nemelex Xobeh
  6881 | D:8      | Reached skill level 1 in Stealth
  7103 | D:8      | Found a bloodstained altar of Trog.
  7142 | D:8      | Reached skill level 5 in Shields
  7291 | D:8      | Reached skill level 1 in Evocations
  7693 | D:9      | Found Suadghykly's Gadget Shop.
  7728 | D:9      | Bought a plain deck of summoning for 210 gold pieces
  7728 | D:9      | Bought a plain deck of defence for 210 gold pieces
  7752 | D:9      | Received a gift from Nemelex Xobeh
  7795 | D:9      | Found Iwux Neeg's Book Emporium.
  8003 | D:9      | Reached skill level 8 in Dodging
  8098 | D:9      | Reached skill level 5 in Fighting
  8098 | D:9      | Reached XP level 10. HP: 89/95 MP: 9/9
  8461 | D:9      | Found Huic's Gadget Shop.
  9001 | D:10     | Entered Level 10 of the Dungeon
  9005 | D:10     | Found a staircase to the Lair.
  9418 | D:10     | Noticed a guardian serpent
  9478 | D:10     | HP: 3/96 [guardian serpent (9)]
  9480 | D:10     | Mangled by a guardian serpent

Action                   |  1- 3 |  4- 6 |  7- 9 | 10-12 || total
-------------------------+-------+-------+-------+-------++-------
Melee: Unarmed           |   358 |   101 |   367 |    98 ||   924
Throw: Tomahawk          |     3 |       |    23 |    10 ||    36
Evoke: Deck              |       |       |    14 |     5 ||    19
       Wand              |       |       |     5 |     4 ||     9
  Use: Potion            |     1 |       |     8 |     4 ||    13
       Scroll            |       |     4 |     8 |       ||    12
  Eat: Chunk             |    15 |     8 |     5 |       ||    28
       Bread ration      |     1 |       |     4 |     1 ||     6
       Royal jelly       |     1 |       |     1 |       ||     2
       Meat ration       |       |     1 |     2 |     1 ||     4
       Fruit             |       |       |     4 |       ||     4
       Beef jerky        |       |       |     5 |     4 ||     9
       Pizza             |       |       |     1 |       ||     1
